AoeStats
← dario_def

Arabia

510465029Analyzed
4v4 RM · 19h ago on Oct 1, 2026· 16m 22s· 8 players
Game mode
Random Map
Map size
Large (8 player)
Population
200
Speed
Normal
Resources
Standard
Victory
Conquest
Starting age
Dark Age
Ending age
Imperial Age
RankedLock teamsTeams togetherTeam positionsShared explorationLock speedFull tech treeHidden civsTurbo modeCheats
Victory
Defeat
🇲🇽 Ethiopians · Mexico
1652
+7
🇦🇷 Berbers · Argentina
1343
+19
🇲🇽 Persians · Mexico
1328
+19
🇨🇴 Mongols · Colombia
1305
+20
🇲🇽 Varangians · Mexico
1480
-19
🇲🇽 Lithuanians · Mexico
1453
-18
🇨🇴 Ethiopians · Colombia
1357
-14
🇲🇽 Ethiopians · Mexico
1347
-14
[SotC] Spirit
5:17 Loom
8:31 Feudal Age
11:01 Fletching
16:35 Double-Bit Axe
[SotC] Memowolf
7:01 Loom
9:30 Feudal Age
10:00 Double-Bit Axe
11:12 Horse Collar
15:23 Scale Barding Armor
[SotC] Maxeld
6:19 Loom
8:30 Feudal Age
10:32 Double-Bit Axe
11:59 Horse Collar
14:44 Forging
dario_def
4:58 Loom
8:29 Feudal Age
9:09 Double-Bit Axe
15:46 Fletching
DiegoAzul10
9:23 Feudal Age
9:52 Double-Bit Axe
9:58 Horse Collar
10:40 Loom
15:21 Bloodlines
15:54 Scale Barding Armor
[A2PL]TheOne
8:44 Feudal Age
9:30 Double-Bit Axe
9:52 Horse Collar
[A2PL]Jdbcervantes
4:16 Loom
9:18 Feudal Age
16:04 Fletching
[A2PL] ThaNaThoS
6:43 Loom
9:13 Feudal Age
Connection lost

Rejoining the realm…

Still unreachable

The connection could not be restored.

Session expired

The server has moved on; the page needs a fresh start.